 Dungeon Crawl Stone Soup version 0.21.0-3-g78d12a8 (webtiles) character file.

37 Ignatius881 the Chopper (level 3, -9/33 HPs)
             Began as a Minotaur Berserker on Jan 8, 2018.
             Was a Believer of Trog.
             Mangled by Sigmund
             ... wielding a +2 vampiric scythe
              (13 damage)
             ... on level 2 of the Dungeon.
             The game lasted 00:03:53 (930 turns).

Ignatius881 the Chopper (Minotaur Berserker)         Turns: 930, Time: 00:03:53

Health: -9/33      AC:  2    Str: 21    XL:     3   Next: 21%
Magic:  2/2        EV: 12    Int:  4    God:    Trog [**....]
Gold:   52         SH:  0    Dex: 10    Spells: 2/2 levels left

rFire    . . .     SeeInvis .   a - +0 hand axe
rCold    . . .     Gourm    .   (no shield)
rNeg     . . .     Faith    .   b - +0 animal skin
rPois    .         Spirit   .   (helmet restricted)
rElec    .         Reflect  .   (no cloak)
rCorr    .         Harm     .   (no gloves)
MR       .....                  (no boots)
Stlth    +.........             (no amulet)
HPRegen  0.11/turn              (no ring)
MPRegen  0.08/turn              (no ring)

@: no status effects
A: retaliatory headbutt, horns 2
a: Berserk, Trog's Hand, Burn Spellbooks, Renounce Religion


You were on level 2 of the Dungeon.
You worshipped Trog.
Trog was pleased with you.
You were not hungry.

You visited 1 branch of the dungeon, and saw 2 of its levels.

You collected 52 gold pieces.

Inventory:

Hand Weapons
 a - a +0 hand axe (weapon)
Armour
 b - a +0 animal skin (worn)
 d - a +0 shield
   (You found it on level 1 of the Dungeon)
 j - a +0 ring mail
   (You found it on level 1 of the Dungeon)
Jewellery
 h - an uncursed ring of fire {unknown}
   (You found it on level 1 of the Dungeon)
Scrolls
 c - 4 scrolls of magic mapping {unknown}
 i - a scroll of noise {unknown}
 m - a scroll of amnesia {unknown}
Potions
 f - a potion of might {unknown}
 g - 2 potions of flight {unknown}
 k - 3 potions of agility {unknown}
 l - a potion of heal wounds {unknown}
Comestibles
 e - 2 rations


   Skills:
 + Level 4.0 Fighting
 * Level 4.3 Axes
 + Level 2.9 Armour
 + Level 2.6 Dodging


You had 2 spell levels left.
You didn't know any spells.

Dungeon Overview and Level Annotations

Branches:
Dungeon (2/15)

Altars:

Annotations:
D:2 Sigmund


Innate Abilities, Weirdness & Mutations

You reflexively headbutt those who attack you in melee.
You have a pair of horns on your head.


Message History

You kill the worm!
Trog accepts your kill.
k - 3 murky dark potions (gained 1)
Found a robe and 19 stones.
You open the door.
Found a ration.
e - 2 rations (gained 1)
You open the door.
There is an open door here.
Found a stone staircase leading down.
Found a stone staircase leading up.
An adder comes into view.
The adder hisses angrily.
Sigmund the Dreaded comes into view.
He is wielding a vampiric scythe.
Sigmund shouts!
The adder barely misses you.
You hit the adder but do no damage. The adder bites you.
You closely miss the adder. The adder barely misses you.
The adder closely misses you.
You hit the adder. The adder bites you but does no damage.
A hobgoblin comes into view. It is wielding a club.
The hobgoblin shouts!
You hit the adder. You headbutt the adder.
You kill the adder!
Trog accepts your kill.
You can now call upon Trog for regeneration and protection from hostile enchantments.
Your Fighting skill increases to level 4!
You have reached level 3!
Your experience leads to an increase in your attributes!
Increase (S)trength, (I)ntelligence, or (D)exterity?
You feel agile. Sigmund casts a spell at you.
You resist with significant effort. Sigmund closely misses you.
Sigmund points at you and mumbles some strange words.
The puff of flame hits you!
Sigmund hits you from afar with a vampiric scythe.
* * * LOW HITPOINT WARNING * * *
Found a stone staircase leading up.
You hit Sigmund but do no damage. You headbutt Sigmund!
You closely miss the hobgoblin. The hobgoblin hits you with a club.
* * * LOW HITPOINT WARNING * * *
Sigmund mumbles some strange words.
Sigmund flickers and vanishes!
Deactivating autopickup; reactivate with Ctrl-A.
You slash something! You barely miss the hobgoblin.
The hobgoblin hits you with a club!
* * * LOW HITPOINT WARNING * * *
Something hits you!
You die...

#### ...
#.#################
.#####g.................
......{@................
......#.########........
.##.# #.# #.#...... #<
#.# ######.#......
..................
#.########.#...... #.#
#.#...... ..# #.##.#.#.
###############.#....#.


You could see a hobgoblin.

Vanquished Creatures
  An adder (D:2)
  An ooze (D:1)
  A worm (D:2)
  2 giant cockroaches (D:1)
  A goblin (D:1)
  3 hobgoblins (D:1)
  3 bats (D:1)
  5 kobolds (D:1)
  4 rats (D:1)
21 creatures vanquished.

Notes
Turn   | Place    | Note
-------+----------+-------------------------------------------
     0 | D:1      | Ignatius881 the Minotaur Berserker began the quest for the Orb.
     0 | D:1      | Reached XP level 1. HP: 19/19 MP: 0/0
    43 | D:1      | Reached XP level 2. HP: 27/27 MP: 1/1
   919 | D:2      | Noticed Sigmund
   924 | D:2      | Reached ** piety under Trog
   924 | D:2      | Reached XP level 3. HP: 28/33 MP: 2/2
   930 | D:2      | Mangled by Sigmund

Skill      XL: |  1  2 |
---------------+-------+-----
Axes           | 4 |  4.3
Fighting       | 4 |  4.0
Armour         | |  2.9
Dodging        | |  2.6

Action                   || total
-------------------------++-------
Melee: Hand axe          ||    43
       Headbutt          ||     7
Armor: Animal skin       ||     6
Dodge: Dodged            ||    22
